[Event "*** Titled Tuesday Blitz"]
[Site "Chess.com"]
[Date "2020.02.04"]
[Round "1"]
[White "BabyBoss31"]
[Black "FedaMaster"]
[Result "0-1"]
[WhiteElo "2188"]
[BlackElo "2608"]
[TimeControl "180+2"]
[EndTime "9:09:46 PST"]
[Termination "FedaMaster won by resignation"]

1. d4 Nf6 2. c4 g6 3. Nc3 d5 4. cxd5 Nxd5 5. g3 Bg7 6. Bg2 Nb6 7. Nf3 O-O 8. O-O Nc6 9. e3 e5 10. dxe5 Nxe5 11. Nxe5 Bxe5 12. Nd5 c6 13. Nxb6 Qxb6 14. Rb1 Bf5 15. e4 Rfd8 16. Qc2 Be6 17. Be3 Qa6 18. b3 Rd3 19. Rfd1 Rad8 20. Rxd3 Qxd3 21. Qxd3 Rxd3 22.
Kf1 Rc3 23. Rc1 Rxc1+ 24. Bxc1 a5 25. Ke2 a4 26. bxa4 Bc4+ 27. Kd2 Bd4 28. f4 Bxa2 29.
Kd3 Bg1 30. h3 h5 31. g4 hxg4 32. hxg4 Kf8 33. e5 Bh2 34. Ba3+ Ke8 35. Ke3 Bg1+ 36.
Kd3 Bh2 37. Ke3 Be6 38. Bf3 Bb3 39. a5 g5 40. fxg5 Bxe5 41. a6 bxa6 42. Bxc6+ Kd8 43. Ke4 Bc3 44. Bd5 Bc2+ 45. Kf3 Bg6 46. Be4 a5 47. Bxg6 fxg6 48. Ke4 Kd7 49. Kd5 Bb4 50. Bb2 a4 51. Kc4 a3 52. Be5 Bd6 53. Bh8 Ke6 54. Bg7 Be5 55.
Bxe5 Kxe5 56. Kb3 Kf4 57. Kxa3 Kxg5 58. Kb3 Kxg4 59. Kc3 Kf3 60. Kd2 Kf2 61. Kd3 g5 62. Ke4 g4 63. Kf4 g3 64. Kg4 g2 65. Kh3 0-1

[Event "*** Titled Tuesday Blitz"]
[Site "Chess.com"]
[Date "2020.02.04"]
[Round "1"]
[White "VladDobrov"]
[Black "karinachess1"]
[Result "1-0"]
[WhiteElo "2937"]
[BlackElo "2507"]
[TimeControl "180+2"]
[EndTime "9:09:49 PST"]
[Termination "VladDobrov won on time"]

1. d4 Nf6 2. c4 e6 3. Nf3 d5 4.
Nc3 Be7 5. Bf4 O-O 6. Qc2 c5 7. dxc5 Bxc5 8. e3 Nc6 9. a3 h6 10. Be2 Qe7 11. O-O dxc4 12. Bxc4 a6 13. Rad1 e5 14.
Bxh6 gxh6 15. Qg6+ Kh8 16. Qxh6+ Nh7 17. Nd5 Qe6 18. Qh4 Qg4 19. Qh6 Qg6 20. Qxg6 fxg6 21.
b4 Be7 22. Nxe7 Nxe7 23. Nxe5 Kg7 24. Rd6 Nf6 25. f3 b5 26. Bb3 Ra7 27. Rc1 Ne8 28.
Rd3 Rc7 29. Rxc7 Nxc7 30. e4 Ne6 31. Rd6 Nf4 32. g3 Nh5 33. Kg2 Nf6 34. h4 Bb7 35. g4 Rc8 36. g5 Ne8 37. Rd7 Rc7 38.
Rd2 Nc6 39. Ng4 a5 40. bxa5 Nxa5 41. Bd5 Bc8 42. Ne3 Nc4 43. Nxc4 bxc4 44. Rc2 c3 45.
Kf2 Ba6 46. Ke3 Nd6 47. a4 Nc4+ 48.
Kd4 Nd2 49. e5 Be2 50. Rxc3 Rxc3 51. Kxc3 Nxf3 52. e6 Kf8 53. h5 gxh5 54. g6 Ng5 55.
e7+ Kxe7 56. g7 1-0

[Event "*** Titled Tuesday Blitz"]
[Site "Chess.com"]
[Date "2020.02.04"]
[Round "1"]
[White "TheBigBoss04"]
[Black "norwaytoadog"]
[Result "1-0"]
[WhiteElo "2704"]
[BlackElo "2317"]
[TimeControl "180+2"]
[EndTime "9:09:53 PST"]
[Termination "TheBigBoss04 won on time"]

1. c4 e5 2. Nc3 Nf6 3. Nf3 Nc6 4. e3 Bb4 5. Qc2 d6 6. Nd5 Bc5 7. a3 Nxd5 8. cxd5 Ne7 9. Bc4 O-O 10. O-O Bf5 11.
Qb3 Bb6 12. d4 Bg4 13. dxe5 Bxf3 14. gxf3 dxe5 15. Kh1 Nf5 16. Qc2 Nh4 17. Qe4 f5 18. Qxe5 Nxf3 19. Qf4 Nh4 20. Bd2 Ng6 21. Qg3 f4 22. exf4 Bd4 23. Rad1 Bxb2 24. Rg1 Qf6 25. d6+ Kh8 26. Bb4 a5 27. Bc5 b6 28. Be3 cxd6 29.
Bd5 Rae8 30. Rd2 Bc3 31. Rd3 Bb2 32. Bxb6 Nxf4 33. Rf3 Ne2 34. Qg2 Qe5 35. Rd1 Nf4 36. Rxf4 Qxf4 37. Be3 Qf6 38. a4 Be5 39. Rg1 Qh4 40.
Bc6 Rc8 41. Bd5 Rc3 42. Bg5 Qh3 43. Be3 Qh5 44. Be4 Rc7 45. Bb6 Rcf7 46. Bd5 Rxf2 47. Bxf2 Rxf2 48. Qxf2 Bf6 49. Bf3 Qe5 50. Qe2 Qh5 51. Bxh5 1-0

[Event "*** Titled Tuesday Blitz"]
[Site "Chess.com"]
[Date "2020.02.04"]
[Round "1"]
[White "Yoshkinkot"]
[Black "HarryCun"]
[Result "1-0"]
[WhiteElo "2570"]
[BlackElo "2104"]
[TimeControl "180+2"]
[EndTime "9:09:54 PST"]
[Termination "Yoshkinkot won by checkmate"]

1. e4 c6 2. d4 d5 3. Nd2 dxe4 4.
Nxe4 Bf5 5. Ng3 Bg6 6. h4 h6 7. Nf3 Nf6 8. h5 Bh7 9. Bd3 Bxd3 10. Qxd3 e6 11. Bd2 Be7 12. O-O-O Nbd7 13. Qe2 O-O 14. Nf1 Nb6 15. g4 Qd5 16. Kb1 Qe4 17.
Qxe4 Nxe4 18. Be1 Nd5 19. c4 Nf4 20. N3d2 Ng5 21. f3 c5 22. dxc5 Bxc5 23. Nb3 Rad8 24.
Rxd8 Rxd8 25. Bd2 Bd6 26. Nh2 Ngh3 27. Kc2 Bc7 28. Be3 b6 29. Nd2 Ng5 30. Nhf1 e5 31. Bxf4 exf4 32. Rh2 Kf8 33. Re2 f6 34. b3 Kf7 35.
Rf2 Be5 36. Ne4 Nxe4 37. fxe4 Rd4 38. Nd2 Ke6 39. Rf3 Rd6 40. Rd3 Rxd3 41. Kxd3 Kd6 42. Nf3 Kc5 43. a3 b5 44. b4+ Kc6 45. c5 a5 46.
Nd4+ Kb7 47. Nxb5 axb4 48. axb4 Kc6 49. Nd4+ Kb7 50. Nf5 Ka6 51. Nxg7 Kb5 52. Nf5 Kxb4 53. c6 Kb5 54. Nxh6 Kxc6 55. Nf5 Kd7 56. h6 Ke6 57. h7 f3 58. h8=Q f2 59. Qe8# 1-0

[Event "*** Titled Tuesday Blitz"]
[Site "Chess.com"]
[Date "2020.02.04"]
[Round "1"]
[White "Msb2"]
[Black "albi1999"]
[Result "0-1"]
[WhiteElo "2852"]
[BlackElo "2488"]
[TimeControl "180+2"]
[EndTime "9:09:55 PST"]
[Termination "albi1999 won by checkmate"]

1. d4 Nf6 2. c4 e6 3. Nc3 Bb4 4. e3 O-O 5. Bd2 d5 6. Nf3 b6 7. cxd5 exd5 8. Rc1 Bb7 9. Bd3 a6 10. O-O Bd6 11. Ne5 c5 12. f4 Nc6 13. Ng4 Be7 14. Nxf6+ Bxf6 15. dxc5 bxc5 16. b3 c4 17.
bxc4 Nb4 18. Bb1 dxc4 19. Ne4 Bxe4 20. Bxe4 c3 21. Bxa8 Qxd2 22. Be4 Qxe3+ 23. Kh1 Qxe4 24. Qd6 Qc4 25. Rb1 c2 26. Qxb4 cxb1=Q 27. Qxc4 Qb5 28. Qc1 h6 29. h3 Re8 30. Rd1 Qe2 31. Kh2 Qxa2 32.
Qc6 Qe6 33. Rd6 Qe4 34. Qc1 a5 35. Ra6 a4 36. Qc7 h5 37. Ra7 Qg6 38. Rxa4 h4 39. Ra3 Re2 40. Qc6 Qc2 41. Ra8+ Kh7 42. Qf3 g6 43.
Qd5 Qc7 44. Ra4 Rf2 45. Rc4 Qe7 46. Re4 Qa7 47. Qd1 Kg7 48. Ra4 Qe3 49. Qg4 Rf1 50. Qxg6+ Kxg6 51. f5+ Kh6 52. Rxh4+ Bxh4 53. f6 Qg1# 0-1

[Event "*** Titled Tuesday Blitz"]
[Site "Chess.com"]
[Date "2020.02.04"]
[Round "1"]
[White "Grieve72"]
[Black "Bulldog167"]
[Result "0-1"]
[WhiteElo "2299"]
[BlackElo "2702"]
[TimeControl "180+2"]
[EndTime "9:09:57 PST"]
[Termination "Bulldog167 won by resignation"]

1. d4 Nf6 2. Bg5 d5 3. Bxf6 gxf6 4. c4 dxc4 5. e3 c5 6. Bxc4 cxd4 7. Nc3 dxc3 8.
Bxf7+ Kxf7 9. Qxd8 cxb2 10. Rb1 Nc6 11. Qc7 Rg8 12. Ne2 Bf5 13. Rxb2 Ne5 14. O-O h5 15. Kh1 h4 16. Nf4 Bh6 17. f3 b6 18. Nd5 Rge8 19. e4 Be6 20. Rb5 h3 21. Nxf6 hxg2+ 22. Kxg2 Rg8+ 23. Nxg8 Rxg8+ 24. Kh1 Nd3 25. Qc2 Nf4 26.
Rg1 Rc8 27. Qb2 Nd3 28. Qg2 Nf4 29. Qb2 Nd3 30. Qg2 Nf4 31. Qg3 Rc2 32. Qh4 Nh3 33. Qxh6 Nf2+ 34. Kg2 Ng4+ 35. Qd2 Rxd2+ 36. Kg3 Nf6 37.
a4 Ra2 38. a5 bxa5 39. f4 Nxe4+ 40. Kf3 Nd2+ 41. Ke3 Nc4+ 42. Kd4 Nd6 43. Rh5 Ke8 44. Rc1 a4 45. Ke5 Re2+ 46. Kd4 a3 47. Ra5 a2 48. h4 Re4+ 49. Kd3 Rxf4 50. h5 Rh4 51.
Rc7 Rh3+ 52. Kd4 Nb5+ 53. Ke5 Nxc7 54. Rxa7 Rxh5+ 55. Kf4 Nd5+ 0-1

[Event "*** Titled Tuesday Blitz"]
[Site "Chess.com"]
[Date "2020.02.04"]
[Round "1"]
[White "FelixJoseYnojosa"]
[Black "hongnhung1234"]
[Result "1-0"]
[WhiteElo "2665"]
[BlackElo "2273"]
[TimeControl "180+2"]
[EndTime "9:09:58 PST"]
[Termination "FelixJoseYnojosa won by checkmate"]

1. e4 c6 2. c4 d5 3. cxd5 cxd5 4. exd5 Qxd5 5. Nc3 Qd8 6. Nf3 Nf6 7. d4 Bg4 8. h3 Bh5 9. g4 Bg6 10. Ne5 e6 11.
Bb5+ Nbd7 12. Bg5 Be7 13. Bxf6 gxf6 14. Nxd7 a6 15. Nb6+ axb5 16. Nxa8 Qxa8 17. Nxb5 Qa5+ 18. Nc3 h5 19. gxh5 Rxh5 20. Qf3 Qb4 21. O-O-O Bf8 22. Ne4 Qc4+ 23. Kb1 Rh4 24. Rhe1 Qc6 25. d5 exd5 26. Ka1 Rxe4 27. Rxe4+ Bxe4 28. Qf4 Ba3 29. Rc1 Qb6 30. Qd2 Bb4 31. Qe2 Kf8 32. f3 Bf5 33. h4 Be6 34.
h5 d4 35. a3 Qa5 36. Qc2 Bxa3 37. bxa3 Qxa3+ 38. Kb1 Qb4+ 39. Qb2 Bf5+ 40. Ka2 Qa4+ 41. Qa3+ Qxa3+ 42. Kxa3 Kg7 43. Kb4 Kh6 44. Rh1 d3 45. Kc3 b6 46. Kd2 Bh7 47. Ke3 Bf5 48. Kf4 Bh7 49. Kg4 b5 50. Rb1 d2 51. Rd1 f5+ 52.
Kh4 b4 53. Rxd2 f6 54. Rb2 Bg8 55. Rxb4 Bf7 56. Rb6 Bxh5 57. Rxf6+ Bg6 58. f4 Kg7 59. Kg5 Bh7 60. Rb6 Kh8 61. Kf6 Bg8 62. Kxf5 Kg7 63. Rb7+ Bf7 64. Ke5 Kf8 65. Kf6 Be8 66. Rb8 Kg8 67.
Rxe8+ Kh7 68. Rf8 Kh6 69. Rh8# 1-0

[Event "*** Titled Tuesday Blitz"]
[Site "Chess.com"]
[Date "2020.02.04"]
[Round "1"]
[White "MusicCityMaster"]
[Black "Blitzstream"]
[Result "0-1"]
[WhiteElo "2425"]
[BlackElo "2818"]
[TimeControl "180+2"]
[EndTime "9:09:59 PST"]
[Termination "Blitzstream won on time"]

1. d4 d5 2. Bf4 Nf6 3. Nc3 Bf5 4.
f3 e6 5. e3 Bd6 6. Nge2 h6 7.
Bxd6 Qxd6 8. Ng3 Bg6 9. Bd3 Bxd3 10. Qxd3 c5 11. dxc5 Qxc5 12. Qb5+ Qxb5 13. Nxb5 Kd7 14. O-O-O Nc6 15. e4 a6 16. exd5 axb5 17. dxc6+ Kxc6 18. Kb1 Ra4 19. Rd3 Rha8 20. Rc3+ Kb6 21. a3 Rd4 22.
Re1 Rad8 23. Re5 Rd2 24. Rb3 R8d5 25. Re2 h5 26. c4 Rxe2 27. Nxe2 Rg5 28. g3 Ka6 29.
cxb5+ Rxb5 30. Rxb5 Kxb5 31. Kc2 Kc4 32. b3+ Kc5 33.
Kd3 Nd7 34. f4 e5 35. Nc3 exf4 36. gxf4 g6 37. b4+ Kc6 38. Kd4 f6 39. a4 Nf8 40.
b5+ Kd7 41. a5 Ne6+ 42. Ke4 Nc7 43. h4 Kd6 44. f5 g5 45. hxg5 fxg5 46. a6 bxa6 47.
b6 Ne8 48. Nd5 Kc6 49. f6 h4 50. Kf3 Nxf6 51. Nxf6 Kxb6 52. Ne4 h3 53. Kg3 Kb5 54.
Nxg5 a5 55. Nxh3 a4 56. Nf2 a3 57. Nd3 a2 0-1

[Event "*** Titled Tuesday Blitz"]
[Site "Chess.com"]
[Date "2020.02.04"]
[Round "1"]
[White "DonBroca"]
[Black "messiboca"]
[Result "0-1"]
[WhiteElo "2162"]
[BlackElo "2606"]
[TimeControl "180+2"]
[EndTime "9:09:59 PST"]
[Termination "messiboca won by checkmate"]

1. e4 c5 2. Nf3 e6 3. d4 cxd4 4.
Nxd4 a6 5. g3 d5 6. Bg2 dxe4 7.
Bxe4 Nf6 8. Bg2 e5 9. Nf3 Qxd1+ 10. Kxd1 Nc6 11. Re1 Bg4 12. h3 O-O-O+ 13. Bd2 Bxf3+ 14. Bxf3 Bc5 15. Bxc6 bxc6 16. Re2 e4 17. Ke1 Rhe8 18.
Nc3 h6 19. a3 Bd4 20. Rd1 Kb7 21. Na4 e3 22. Bxe3 Bxe3 23. Rxe3 Rxe3+ 24. fxe3 Re8 25. Ke2 Re7 26. Nc5+ Kb6 27. b4 Nd5 28. Rd3 a5 29.
c4 Nf6 30. Nb3 axb4 31. axb4 Re4 32. Rd4 Re7 33. Kd2 Ra7 34. Kc3 Ra2 35. c5+ Kc7 36. Rf4 Nd5+ 37. Kd4 Nxf4 38. gxf4 Ra3 39. Na5 Ra1 40.
Nc4 Rd1+ 41. Ke4 Rb1 42. Nd6 Rxb4+ 43. Ke5 Rb3 44. Nxf7 Rxe3+ 45. Kd4 Rxh3 46. Ne5 Rh1 47. Ke3 Rd1 48. Nd3 Rxd3+ 49. Kxd3 Kd7 50. Ke4 Ke6 51. f5+ Kf6 52. Kf4 h5 53. Ke4 h4 54. Kf4 h3 55.
Kg3 Kxf5 56. Kxh3 Ke5 57. Kg3 Kd5 58. Kg4 Kxc5 59. Kg5 Kd4 60. Kg6 c5 61. Kxg7 c4 62. Kf6 c3 63. Kf5 c2 64. Kg4 c1=Q 65. Kg3 Qf1 66. Kh2 Ke5 67. Kg3 Kf5 68. Kh2 Qf3 69.
Kg1 Qe2 70. Kh1 Kg4 71. Kg1 Kg3 72. Kh1 Qf1# 0-1

[Event "*** Titled Tuesday Blitz"]
[Site "Chess.com"]
[Date "2020.02.04"]
[Round "1"]
[White "Alexander_Donchenko"]
[Black "Zarikovs1999"]
[Result "1-0"]
[WhiteElo "2728"]
[BlackElo "2351"]
[TimeControl "180+2"]
[EndTime "9:10:02 PST"]
[Termination "Alexander_Donchenko won by resignation"]

1. e4 c5 2. Nf3 Nf6 3. e5 Nd5 4.
Nc3 e6 5. g3 Nc6 6. Bg2 d6 7.
exd6 Bxd6 8. O-O O-O 9. Ne4 Be7 10. d4 cxd4 11. Nxd4 Nxd4 12. Qxd4 Nf6 13. Rd1 Nxe4 14.
Bxe4 Qxd4 15. Rxd4 Bf6 16. Rb4 Rb8 17. Be3 b6 18. a4 Be7 19. Rb3 Ba6 20. a5 Bc4 21. axb6 axb6 22. Rxb6 f5 23. Bf3 Bf6 24. c3 Rxb6 25.
Bxb6 Rb8 26. Ra8 Rxa8 27. Bxa8 Bb3 28. Kf1 Kf7 29. Bc6 Ke7 30. Bc5+ Kd8 31. Bd6 Be7 32. Bxe7+ Kxe7 33. Ke2 Kd6 34. Bb5 Kc5 35. Bd3 g6 36.
Ke3 g5 37. f4 g4 38. Be2 Kd5 39. Bb5 Kc5 40. Be8 Kd5 41. Bf7 Kc5 42. Bg8 h6 43.
Bf7 Kd5 44. Kd3 Kc5 45. Ke3 Kd5 46. Be8 Kc5 47. Bd7 Kd5 48. Bc8 Kc5 49. Bb7 Ba4 50.
b4+ Kc4 51. Kd2 Bb5 52. Bg2 Kb3 53. h3 gxh3 54. Bxh3 Ba6 55. Bg2 Bc4 56. Bf3 Kb2 57. Be2 Bd5 58. c4 Be4 59. c5 Kb3 60. b5 Kb4 61. c6 Kc5 62. Kc3 Kb6 63. Kd4 Bd5 64.
Ke5 Kc7 65. Kf6 Bb3 66. Kg6 Bd5 67.
Kxh6 Bb3 68. Kg6 Bd5 69. Kf6 Bb3 70. Ke5 Bd5 71. Kd4 Kd6 72. Bc4 Bf3 73. Bxe6 Kxe6 74. Kc5 Ke7 75. b6 Kd8 76. Kd6 Be4 77. b7 1-0

[Event "*** Titled Tuesday Blitz"]
[Site "Chess.com"]
[Date "2020.02.04"]
[Round "1"]
[White "riconaipe"]
[Black "DanielNaroditsky"]
[Result "0-1"]
[WhiteElo "2537"]
[BlackElo "3131"]
[TimeControl "180+2"]
[EndTime "9:10:13 PST"]
[Termination "DanielNaroditsky won on time"]

1. d4 Nf6 2. c4 g6 3. Nc3 Bg7 4.
e4 d6 5. Nge2 c6 6. f3 a6 7. Be3 b5 8. Nf4 Nbd7 9. Qd2 Bb7 10. d5 bxc4 11. Bxc4 O-O 12. O-O Ne5 13. Bb3 Rc8 14. Rac1 c5 15. Nd3 Nfd7 16. Nxe5 Nxe5 17. h3 a5 18. f4 Nd7 19. Bc4 Qb6 20. b3 Qb4 21. Nb5 Nb6 22. a3 Qxd2 23. Bxd2 a4 24.
Ba5 Nd7 25. Bc3 axb3 26. Bxg7 Kxg7 27. Bxb3 Ba6 28. Bc4 Nb6 29. Nxd6 exd6 30. Bxa6 Ra8 31. Bb7 Rxa3 32. e5 Rd8 33. exd6 c4 34. Rb1 Rxd6 35. Rb5 c3 36. Rc5 Nd7 37. Rc6 Rxd5 38. Rxc3 Rxc3 39. Bxd5 h5 40. Rb1 Nc5 41. Rf1 h4 42. f5 g5 43.
Re1 Kf6 44. Be4 Nd7 45. Bb1 Ne5 46. Rd1 Nc4 47. Kf2 Rb3 48. Kg1 Rb2 49. Re1 Ne5 50.
Be4 Nd7 51. Rb1 Rd2 52. Re1 Nb6 53. Rc1 Ke5 54. Bf3 Kxf5 55. Rc5+ Kf4 56. Bg4 Nd5 57. Bf3 Ne3 58. Rc1 f5 59. Bc6 Kg3 60. Re1 Nxg2 61.
Rf1 g4 62. Rxf5 Ne3 63. hxg4 Rd1+ 0-1

[Event "*** Titled Tuesday Blitz"]
[Site "Chess.com"]
[Date "2020.02.04"]
[Round "1"]
[White "DishonorOnYourCow"]
[Black "Evgeny81"]
[Result "0-1"]
[WhiteElo "2213"]
[BlackElo "2621"]
[TimeControl "180+2"]
[EndTime "9:10:17 PST"]
[Termination "Evgeny81 won by resignation"]

1. d4 d5 2. c4 c6 3. Nf3 Nf6 4. e3 Bf5 5. Nc3 e6 6. Nh4 Be4 7. f3 Bg6 8. Qb3 Qb6 9. c5 Qc7 10. Bd2 Nbd7 11. Nxg6 hxg6 12. f4 g5 13. fxg5 Ng4 14.
Be2 Rxh2 15. O-O-O Rxg2 16. Rdg1 Qg3 17. Rxg2 Qxg2 18.
Rf1 b6 19. Qd1 Nf2 20. Qe1 Ne4 21. Nxe4 Qxe4 22. Qf2 Qg6 23. cxb6 axb6 24. a3 Rxa3 25. Kd1 Ra1+ 26. Bc1 Be7 27. Kd2 e5 28. Bd3 e4 29.
Bc2 Bxg5 30. Qg3 Be7 31. Qxg6 fxg6 32. Rg1 Kf7 33. Kc3 Nf6 34. Rf1 c5 35. dxc5 bxc5 36. Bb3 Ke6 37. Rd1 c4 38. Bc2 Bd6 39. Kd2 Ng4 40.
Ke2 Ne5 41. Rg1 Kf7 42. Rf1+ Kg8 43. Bd2 Rxf1 44. Kxf1 Kf7 45. Bc3 Nd3 46. b3 Be7 47.
bxc4 dxc4 48. Ba4 Bf6 49. Ba5 c3 50. Ke2 Ke6 51. Bc2 Kd5 52. Bxd3 exd3+ 53. Kxd3 g5 54. e4+ Ke6 55. Bc7 g4 56. Bf4 Be5 57. Be3 g3 58.
Bg1 Kf6 59. Be3 Kg6 60. Bg1 Kh5 61. Ke2 Kg4 62. Kf1 Kf3 0-1

[Event "*** Titled Tuesday Blitz"]
[Site "Chess.com"]
[Date "2020.02.04"]
[Round "1"]
[White "renehp"]
[Black "DevikBronstein"]
[Result "1/2-1/2"]
[WhiteElo "2365"]
[BlackElo "2724"]
[TimeControl "180+2"]
[EndTime "9:10:27 PST"]
[Termination "Game drawn by repetition"]

1. e4 c5 2. Nf3 Nc6 3. d4 cxd4 4. Nxd4 Nf6 5. Nc3 e5 6. Ndb5 d6 7. Bg5 a6 8. Na3 b5 9. Bxf6 gxf6 10. Nd5 f5 11. Nxb5 axb5 12. Bxb5 Bd7 13. exf5 Bg7 14. O-O O-O 15. Qh5 Ra5 16. a4 f6 17. b4 Ra8 18. c3 Be8 19. Qf3 Rc8 20. Rfd1 Kh8 21. a5 Nd4 22. cxd4 Bxb5 23. a6 Ra8 24. dxe5 fxe5 25.
a7 Bc6 26. Rdc1 e4 27. Qxe4 Bxd5 28. Qxd5 Bxa1 29. Rxa1 Qf6 30. Ra5 Qg7 31. Qxd6 Rg8 32. g3 Rxa7 33. f6 Qf7 34. h4 Rd7 35. Qf4 Rf8 36. Rf5 Rd1+ 37. Kh2 Qb7 38. f3 Qa7 39. f7 Qd4 40. Qg5 Qg7 41. Qe7 Qb2+ 42. Kh3 Rh1+ 43.
Kg4 Qg7+ 44. Kf4 Rg1 45. g4 Qd4+ 46. Kg5 Qg7+ 47. Kf4 Rd1 48. h5 h6 49. Rf6 Qg5+ 50.
Kg3 Rdd8 51. Qe6 Kh7 52. Rg6 Qc1 53. Qf5 Qg1+ 54. Kh3 Qh1+ 55. Kg3 Qe1+ 56. Kh3 Qh1+ 57. Kg3 Qg1+ 58. Kh3 Qf1+ 59. Kg3 Qg1+ 1/2-1/2

[Event "*** Titled Tuesday Blitz"]
[Site "Chess.com"]
[Date "2020.02.04"]
[Round "1"]
[White "victormago"]
[Black "Tjktiger"]
[Result "1/2-1/2"]
[WhiteElo "2401"]
[BlackElo "2744"]
[TimeControl "180+2"]
[EndTime "9:10:41 PST"]
[Termination "Game drawn by repetition"]

1. d4 Nf6 2. c4 g6 3. Nc3 d5 4. cxd5 Nxd5 5. e4 Nxc3 6. bxc3 Bg7 7. Nf3 c6 8. Be2 O-O 9. O-O Nd7 10. a4 Nf6 11.
Bd3 c5 12. h3 b6 13. Re1 Bb7 14. Ba3 Rc8 15. Rb1 Qc7 16. d5 e6 17. c4 e5 18. a5 Nd7 19. axb6 axb6 20. Bb2 Qd6 21. Qb3 h6 22. Ra1 Ra8 23. Rxa8 Rxa8 24. Ra1 Rxa1+ 25. Bxa1 Nb8 26. Nd2 Na6 27. Bc3 Nb4 28. Bf1 f5 29. Nb1 fxe4 30. Nd2 e3 31. fxe3 Qf8 32. e4 Qf4 33.
Bxb4 cxb4 34. Qxb4 Qe3+ 35. Kh2 Bf8 36. d6 Qd4 37.
Nf3 Qxd6 38. Qxd6 Bxd6 39. Bd3 Kf7 40. Kg3 Ke6 41. Kf2 Bc5+ 42. Ke2 g5 43. Nh2 h5 44. Nf3 Kf6 45. Nd2 Bc8 46. Nb3 Bb4 47. Kf3 Be6 48.
Nc1 g4+ 49. hxg4 Bxg4+ 50. Kg3 Kg5 51. Nb3 Bd1 52. Nc1 h4+ 53. Kf2 Bc5+ 54. Ke1 Bh5 55. Be2 Bxe2 56. Nxe2 Kg4 57. Kd2 Be7 58. Ke3 Bc5+ 59.
Kd2 Bf2 60. Kd3 Bc5 61. Kc3 h3 62. gxh3+ Kf3 63. Kd3 Bb4 64. h4 Kg4 65. Nc3 Kxh4 66. Nd5 Bc5 67. Nc3 Kg4 68. Nd5 Kf3 69. Nc3 Bd4 70.
Nd5 Kg4 71. Nf6+ Kg5 72. Nd5 Kg6 73. Nb4 Kf7 74. Nd5 Ke6 75. Nb4 Kd6 76. Nd5 Kc5 77. Nf6 Kc6 78. Nd5 Kc5 79. Nf6 b5 80. cxb5 Kxb5 81.
Ng4 Kc5 82. Ke2 Kc4 83. Kf3 Kc5 84. Nf6 Kd6 85. Nd5 Ke6 86. Kg4 Bc5 87. Kg5 Bd4 88. Kg6 Bb2 89. Kg5 Bd4 90. Kg4 Bb2 91. Kg5 Bd4 1/2-1/2

[Event "*** Titled Tuesday Blitz"]
[Site "Chess.com"]
[Date "2020.02.04"]
[Round "1"]
[White "iLuusions"]
[Black "Chessalary"]
[Result "1-0"]
[WhiteElo "2603"]
[BlackElo "2163"]
[TimeControl "180+2"]
[EndTime "9:10:45 PST"]
[Termination "iLuusions won by resignation"]

1. d4 d5 2. c4 e6 3. Nf3 c6 4. g3 Bb4+ 5. Bd2 Be7 6. Bg2 Nf6 7.
O-O O-O 8. Qc2 Nbd7 9. Bf4 b6 10.
Nc3 Ba6 11. cxd5 cxd5 12. Qa4 Bb7 13. Rfe1 a6 14. e3 Rc8 15. Qb3 b5 16. Rac1 Nb6 17.
Bf1 Nc4 18. a4 b4 19. Na2 Na5 20. Qd3 Nc4 21. b3 Qa5 22. Be2 Nd6 23. Nd2 Nfe4 24.
f3 Nc3 25. Nxc3 bxc3 26. Nb1 c2 27. Na3 Rc3 28. Qd2 Ne4 29. fxe4 Bb4 30. Nxc2 Rxc2 31. Qxc2 Bxe1 32. e5 h6 33. Kf1 Bb4 34. h4 Ba3 35. Qc3 Qb6 36. Rc2 Rc8 37. Qd3 Qd8 38.
h5 a5 39. Bd1 Rxc2 40. Bxc2 Qb6 41. Qh7+ Kf8 42. Qh8+ Ke7 43. Qxg7 Ba6+ 44. Kg2 Qc7 45. Bg6 Ke8 46. Qg8+ Bf8 47. Bxh6 Qe7 48. Qxf8+ Qxf8 49. Bxf8 Kxf8 50. Bc2 Kg7 51. g4 f6 52. exf6+ Kxf6 53. Kf3 Kg5 54. Bd1 Bd3 55. Kf2 Be4 56. Ke1 Bd3 57.
Kd2 Be4 58. Kc3 Bg2 59. b4 axb4+ 60. Kxb4 Bf1 61. a5 Bc4 62. Kc5 Bd3 63. Kb6 Bc4 64. a6 Bxa6 65. Kxa6 1-0

[Event "*** Titled Tuesday Blitz"]
[Site "Chess.com"]
[Date "2020.02.04"]
[Round "1"]
[White "AvitalBor"]
[Black "Korona_91"]
[Result "1-0"]
[WhiteElo "2754"]
[BlackElo "2390"]
[TimeControl "180+2"]
[EndTime "9:10:46 PST"]
[Termination "AvitalBor won by resignation"]

1. Nf3 g6 2. d4 Bg7 3. e4 c6 4.
c3 d6 5. Bd3 Nd7 6. O-O e5 7. Re1 Ngf6 8. a4 O-O 9. Na3 Nh5 10.
Nc4 exd4 11. cxd4 d5 12. exd5 cxd5 13. Nce5 Nxe5 14. Nxe5 Nf6 15. Be3 Nd7 16. Nf3 Nf6 17.
h3 Ne4 18. Qb3 b6 19. Ne5 Be6 20. Rac1 Rc8 21. Qb4 Qd6 22. Qxd6 Nxd6 23. Ba6 Rxc1 24. Rxc1 Bxe5 25. dxe5 Nf5 26. Bg5 h6 27. Bf6 Ng7 28.
g4 Ra8 29. Kh2 Ne8 30. Be7 Kg7 31. Kg3 g5 32. h4 gxh4+ 33. Bxh4 Bd7 34. b3 Be6 35. f4 d4 36. b4 Bd7 37. Rc4 Bxa4 38. b5 Bb3 39. Rxd4 Nc7 40. Bb7 Rb8 41. Bf6+ Kg8 42.
Bc6 a6 43. bxa6 Nxa6 44. f5 Nc5 45. Kh4 b5 46. Kh5 b4 47. Be7 Na6 48. Kxh6 Bc2 49. Bd5 Nc7 50. Bxb4 Nxd5 51. Rxd5 Rb6+ 52. Bd6 Bb3 53.
Rc5 f6 54. Kg6 Bf7+ 55. Kxf6 Ba2 56. Rc8+ Kh7 57. g5 Bg8 58. Rd8 Kh8 59. e6 Rb7 60.
Be5 Rg7 61. Rd7 Rh7 62. Kg6+ 1-0

[Event "*** Titled Tuesday Blitz"]
[Site "Chess.com"]
[Date "2020.02.04"]
[Round "1"]
[White "DDTerziev04"]
[Black "ChristopherYoo"]
[Result "0-1"]
[WhiteElo "2206"]
[BlackElo "2610"]
[TimeControl "180+2"]
[EndTime "9:10:50 PST"]
[Termination "ChristopherYoo won by resignation"]

1. e4 c5 2. Nf3 d6 3. d4 cxd4 4.
Qxd4 Nc6 5. Qe3 g6 6. Be2 Bg7 7. O-O Nf6 8. c4 O-O 9. Nc3 Bg4 10. Rd1 Bxf3 11. Bxf3 Rc8 12. b3 Nd7 13. Bb2 Nc5 14. Rd2 a5 15. Rad1 a4 16. Ba3 Qa5 17. Bxc5 Bxc3 18.
Rd3 dxc5 19. Rxc3 Nd4 20. e5 Rfd8 21. Rcd3 axb3 22. axb3 b5 23. cxb5 Qxb5 24. h3 Nxf3+ 25. Qxf3 Rxd3 26. Qxd3 c4 27. bxc4 Qxe5 28. Qd5 Qxd5 29.
cxd5 Rd8 30. Re1 Kf8 31. Kh2 Rxd5 32. Kg3 e6 33. f3 Rd2 34. Re4 Kg7 35. Ra4 g5 36.
Rb4 f5 37. Kh2 f4 38. h4 h6 39. hxg5 hxg5 40. Rb6 Kf6 41. Rb8 Rd7 42. Rf8+ Rf7 43. Rd8 Kf5 44. Rg8 e5 45. Re8 Rh7+ 46. Kg1 Rc7 47.
Kf2 Rc2+ 48. Kg1 Rc1+ 49. Kh2 Re1 50. Rf8+ Kg6 51. Rg8+ Kf6 52. Rf8+ Kg7 53. Re8 g4 54. fxg4 e4 55. Re5 e3 56. Re4 e2 57. Rxf4 Rd1 58.
Re4 e1=Q 59. Rxe1 Rxe1 60. Kg3 Kg6 61. Kf3 Kg5 62. Kg3 Re3+ 63. Kf2 Kf4 64. g3+ Rxg3 65.
g5 Rxg5 66. Ke2 Rg3 67. Kd2 Re3 68. Kc2 Ke4 0-1

[Event "*** Titled Tuesday Blitz"]
[Site "Chess.com"]
[Date "2020.02.04"]
[Round "1"]
[White "Parhamov"]
[Black "Volodar_Murzin"]
[Result "0-1"]
[WhiteElo "3013"]
[BlackElo "2550"]
[TimeControl "180+2"]
[EndTime "9:10:57 PST"]
[Termination "Volodar_Murzin won on time"]

1. Nf3 d5 2. g3 Bg4 3. Bg2 c6 4.
c4 Nf6 5. Qb3 Qb6 6. d3 Nbd7 7.
Be3 Qxb3 8. axb3 e6 9. h3 Bxf3 10. Bxf3 Bc5 11. Bxc5 Nxc5 12. Nd2 Ke7 13. O-O a5 14.
Ra3 Ra6 15. Rfa1 Rha8 16. d4 Ncd7 17. e3 Ne8 18. Be2 R6a7 19. b4 a4 20. b3 dxc4 21.
Nxc4 Nd6 22. Nxd6 Kxd6 23. bxa4 Nb6 24. a5 Nd5 25. b5 cxb5 26. Bxb5 Rc8 27. a6 bxa6 28.
Rxa6+ Rxa6 29. Rxa6+ Ke7 30. Bc6 Nb4 31. Ra7+ Kf6 32.
Be4 g6 33. h4 h5 34. Kg2 Rd8 35. Rb7 Nd5 36. Bxd5 Rxd5 37. Kf3 Rf5+ 38. Ke2 Ra5 39. Rb2 e5 40. Kd3 exd4 41. exd4 Ke6 42.
Kc4 Ra4+ 43. Kd3 Ra3+ 44. Ke4 Ra4 45. Rb6+ Ke7 46. Ke5 Ra7 47. d5 Ra1 48. Rb7+ Kf8 49. d6 Ra5+ 50. Kd4 Ke8 51. Re7+ Kf8 52. Re2 Ra6 53.
Kc5 Ra5+ 54. Kb6 Rd5 55. Kc6 Rd1 56. d7 Rc1+ 57. Kb5 Rb1+ 58. Ka4 Ra1+ 59. Kb5 Rb1+ 60. Kc6 Rc1+ 61. Kb7 Rb1+ 0-1

[Event "*** Titled Tuesday Blitz"]
[Site "Chess.com"]
[Date "2020.02.04"]
[Round "1"]
[White "Sergey85Rodchenkov"]
[Black "IAgrest"]
[Result "1-0"]
[WhiteElo "2549"]
[BlackElo "1791"]
[TimeControl "180+2"]
[EndTime "9:10:57 PST"]
[Termination "Sergey85Rodchenkov won by resignation"]

1. e4 e5 2. Nf3 Nc6 3. Bc4 Nf6 4. d3 Bc5 5. O-O a6 6. c3 Ba7 7. Nbd2 d6 8. Bb3 O-O 9. h3 Nh5 10. Re1 Qf6 11. Nf1 h6 12. Be3 Be6 13. Bxa7 Rxa7 14. Ne3 Nf4 15. Kh2 Raa8 16. Ng1 Rad8 17. g3 Ng6 18.
Qe2 Nge7 19. Bd5 Bxd5 20. exd5 Nb8 21. Nf3 Nd7 22. d4 Rfe8 23. Ng4 Qg6 24. dxe5 Nxd5 25. Qd2 N5b6 26. exd6 cxd6 27. Qd4 Nc8 28. Rad1 Nc5 29. b3 Ne6 30. Qd5 b5 31. Qc6 Ne7 32. Qxa6 Qf5 33. Kg2 Ra8 34. Qb7 Rxa2 35. Rxd6 Ng6 36. Rd5 Qc2 37.
Rd2 Qxb3 38. Rxa2 Qxa2 39. Qxb5 Rd8 40. Qf5 Qa8 41. Qe4 Qa5 42. Re3 Qc5 43. Nge5 Nxe5 44.
Qxe5 Qc6 45. Qe4 Qc5 46. Ne5 Qa7 47. h4 Qa6 48. Qf5 Qb7+ 49. Qf3 Qc7 50. Qc6 Qe7 51. Qf3 Qc7 52. c4 Nd4 53. Qe4 Qc5 54. Rd3 f6 55.
Nf3 Nc6 56. Rxd8+ Nxd8 57. Qe8+ Qf8 58. Qxf8+ Kxf8 59. Nd4 Ke7 60. Kf3 Kd6 61. Nf5+ Kc5 62. Nxg7 Kxc4 63. Nf5 h5 64. Ng7 Kd4 65. Nxh5 Ke5 66. Kg4 Nf7 67. f4+ Ke6 68. Ng7+ Ke7 69.
Kf5 Nd6+ 70. Kg6 Ne4 71. Nf5+ Ke6 72. h5 1-0